 Dungeon Crawl Stone Soup version 0.21.1-1-g345015f (webtiles) character file.

164 Fang the Covered (level 5, 0/33 HPs)
             Began as a Gargoyle Fighter on May 8, 2018.
             Slain by a thrashing horror (6 damage)
             ... on level 1 of the Abyss.
             The game lasted 00:03:13 (1733 turns).

Fang the Covered (Gargoyle Fighter)                 Turns: 1733, Time: 00:03:13

Health: 0/33       AC: 11    Str: 20    XL:     5   Next: 45%
Magic:  5/5        EV:  8    Int:  9    God:
Gold:   152        SH:  9    Dex:  9    Spells: 4/4 levels left

rFire    . . .     SeeInvis .   a - +0 war axe
rCold    . . .     Gourm    .   c - +0 shield
rNeg     + . .     Faith    .   b - +0 scale mail
rPois    ∞         Spirit   .   (no helmet)
rElec    +         Reflect  .   (no cloak)
rCorr    .         Harm     .   (no gloves)
MR       .....                  (no boots)
Stlth    ..........             (no amulet)
HPRegen  0.11/turn              (no ring)
MPRegen  0.09/turn              (no ring)

@: no status effects
A: negative energy resistance 1, electricity resistance, unbreathing,
petrification resistance, rot immunity, AC +4
a: no special abilities


You were on level 1 of the Abyss.
You were not hungry.

You visited 1 branch of the dungeon, and saw 3 of its levels.
You visited the Abyss 1 time.

You collected 152 gold pieces.

Inventory:

Hand Weapons
 a - a +0 war axe (weapon)
Armour
 b - a +0 scale mail (worn)
 c - a +0 shield (worn)
Scrolls
 e - 5 scrolls of identify {unknown}
 i - a scroll of noise {unknown}
 k - 3 scrolls of teleportation {unknown}
 n - a scroll of remove curse {unknown}
 o - a scroll of fear {unknown}
 p - a scroll of amnesia {unknown}
 q - a scroll of magic mapping {unknown}
Potions
 d - a potion of might
 g - a potion of lignification {unknown}
 h - 2 potions of flight {unknown}
 j - a potion of cancellation {unknown}
 l - a potion of heal wounds {unknown}
 m - a potion of mutation {unknown}
Comestibles
 f - 4 rations
 r - 2 chunks of flesh


   Skills:
 + Level 3.9 Fighting
 + Level 2.5 Axes
 + Level 4.5 Armour
 + Level 1.0 Dodging
 + Level 4.3 Shields


You had 4 spell levels left.
You didn't know any spells.

Dungeon Overview and Level Annotations

Branches:
Dungeon (3/15)

Altars:
Vehumet


Innate Abilities, Weirdness & Mutations

You are resistant to torment.
Your stone body is resilient. (AC +4)
You are immune to poison.
You resist negative energy. (rN+)
You are resistant to electric shocks. (rElec)
You can survive without breathing.
You are immune to petrification.
You are immune to rotting.


Message History

No target in view!
No target in view!
No target in view!
Found a gateway leading out of the Abyss.
There is a corrupted altar of Lugonu here.
You now have 152 gold pieces (gained 21).
A small abomination comes into view.
The small abomination hits you but does no damage.
You hit the small abomination but do no damage.
You block the small abomination's attack.
The small abomination hits you!
Ouch! That really hurt!
A thrashing horror comes into view.
The small abomination hits you. The thrashing horror tramples you.
You hold your ground!
You block the thrashing horror's attack.
The thrashing horror tramples you!
* * * LOW HITPOINT WARNING * * *
You stumble backwards!
The thrashing horror tramples you.
You die...

## # #..##. #
#.###.... .#
####.#.....# #
.#.#......####.# .#
#. #.....(........ .
#.####...._..##.#...
. ##....###_.......#
.. #..@x#.......#
#.###.#.X...##.....
# # ###..##...# ...
..# #∩............
... #.#...##..#.# .
## ...#......#..#..
##..#..##.. ...
.#.#... ...#..#
.#.##.... #.# ..


You could see a thrashing horror and a small abomination.

Vanquished Creatures
  Ijyb (D:3)
  Jessica (D:3)
  Robin (D:3)
  4 adders (D:3)
  A worm (D:2)
  2 dart slugs (D:1)
  2 leopard geckos (D:3)
  2 orcs (D:3)
  A giant cockroach (D:1)
  12 goblins
  11 hobgoblins
  2 jackals (D:1)
  A quokka (D:2)
  A ball python (D:1)
  4 bats
  A frilled lizard (D:2)
  3 kobolds
  2 rats
52 creatures vanquished.

Notes
Turn   | Place    | Note
-------+----------+-------------------------------------------
     0 | D:1      | Fang the Gargoyle Fighter began the quest for the Orb.
     0 | D:1      | Reached XP level 1. HP: 14/14 MP: 1/1
    57 | D:1      | Reached XP level 2. HP: 16/19 MP: 2/2
   490 | D:1      | Reached XP level 3. HP: 24/24 MP: 3/3
  1092 | D:2      | Found a radiant altar of Vehumet.
  1231 | D:3      | Reached XP level 4. HP: 23/29 MP: 4/4
  1250 | D:3      | Noticed Jessica
  1253 | D:3      | Noticed Ijyb
  1257 | D:3      | Paralysed by Ijyb for 3 turns
  1261 | D:3      | Paralysed by Ijyb for 4 turns
  1265 | D:3      | Killed Jessica
  1267 | D:3      | Paralysed by Ijyb for 5 turns
  1289 | D:3      | Killed Ijyb
  1289 | D:3      | Reached XP level 5. HP: 18/33 MP: 5/5
  1531 | D:3      | Noticed Robin
  1546 | D:3      | Killed Robin
  1550 | D:3      | Reached skill level 1 in Dodging
  1689 | D:3      | Cast into level 1 of the Abyss (orc)
  1689 | Abyss:1  | Found a corrupted altar of Lugonu.
  1689 | Abyss:1  | Found a corrupted altar of Lugonu.
  1727 | Abyss:1  | Noticed a small abomination
  1731 | Abyss:1  | Noticed a thrashing horror
  1733 | Abyss:1  | Slain by a thrashing horror

Skill      XL: |  1  2  3  4  5 |
---------------+----------------+-----
Axes           | 2 |  2.5
Shields        | 4 |  4.3
Armour         | 4 |  4.5
Dodging        | 1 |  1.0
Fighting       | |  3.9

Action                   |  1- 3 |  4- 6 || total
-------------------------+-------+-------++-------
Melee: War axe           |   138 |    79 ||   217
  Eat: Chunk             |     1 |     2 ||     3
Armor: Scale mail        |   103 |    81 ||   184
Dodge: Dodged            |    49 |    33 ||    82
Block: Shield            |    99 |    66 ||   165
